Capitals vs Hurricanes

Created - October 8 2009 at 18:04

Simulating a Pre-Season

Goals
1 2 3 T
Capitals 1 1 1 3
Hurricanes 0 0 0 0
Shots
1 2 3 T
Capitals 3 9 6 18
Hurricanes 1 4 6 11

Period #1

1. Capitals , Matt Cooke 2 (Radek Bonk, Rene Bourque) at 19:11

Penalties :
Craig Adams (CAR) for Tripping (Minor) at 4:18, Aaron Ward (CAR) for Tripping (Minor) at 4:40, Doug Murray (WSH) for Slashing (Minor) at 15:52

Period #2

2. Capitals , Alexei Kovalev 3 (Mike Green, Marty Turco) at 7:29

Penalties :
Kimmo Timonen (WSH) for Interference (Minor) at 0:19, Rene Bourque (WSH) for Goalie Interference (Minor) at 1:04, Trent Hunter (WSH) for Slashing (Minor) at 8:38, Sergei Gonchar (CAR) for Hooking (Minor) at 11:03

Period #3

3. Capitals , Alexander Ovechkin 4 (Mike Green, Dainius Zubrus) at 6:35

Penalties :
Sergei Gonchar (CAR) for Hooking (Minor) at 0:32, Mikhail Grabovski (CAR) for Fighting (Major) at 13:40, Alexander Semin (WSH) for Fighting (Major) at 13:40, Erik Cole (CAR) for High sticking (Minor) at 16:19, Matt Cooke (WSH) for High sticking (Minor) at 18:20

Goalie Stats

Marty Turco (WSH), 11 saves from 11 shots - (1.000), W, 5-0-0, 60:00 minutes
Pascal Leclaire (CAR), 15 saves from 18 shots - (0.833), L, 1-2-0, 60:00 minutes

Players Stats

Capitals
Player Name              G  A  P  +/- PIM S  H  SB FO    MP 
------------------------------------------------------------
Alexander Ovechkin       1  0  1   2  0   2  2  0  1/8   19 
Alexander Semin          0  0  0   0  5   1  0  1  0/1   19 
Alexei Kovalev           1  0  1   2  0   2  0  0  0/4   17 
Brooks Laich             0  0  0   0  0   1  0  0  0/0   12 
Dainius Zubrus           0  1  1   2  0   0  1  1  5/15  14 
Doug Murray              0  0  0   1  2   0  3  0  0/0   14 
Jeff Halpern             0  0  0   0  0   2  0  0  5/11  17 
Kimmo Timonen            0  0  0   2  2   0  0  1  0/0   22 
Matt Cooke               1  0  1   1  2   1  1  0  1/2   14 
Mike Green               0  2  2   2  0   0  2  1  0/0   22 
Radek Bonk               0  1  1   1  0   1  0  1  7/11  14 
Rene Bourque             0  1  1   1  2   0  1  0  0/0   16 
Richard Zednik           0  0  0   0  0   1  2  0  0/0   8  
Ryane Clowe              0  0  0   0  0   1  1  0  1/3   9  
Shaone Morrisonn         0  0  0   0  0   0  1  0  0/0   14 
Steve Eminger            0  0  0   1  0   0  2  3  0/0   21 
Trent Hunter             0  0  0   0  2   3  1  0  0/0   16 
Willie Mitchell          0  0  0   0  0   3  3  1  0/0   21 
Hurricanes
Player Name              G  A  P  +/- PIM S  H  SB FO    MP 
------------------------------------------------------------
Aaron Ward               0  0  0   0  2   0  2  0  0/0   18 
Andy Greene              0  0  0  -1  0   1  0  0  0/0   8  
Brent Sopel              0  0  0  -1  0   0  1  1  0/0   18 
Brett Carson             0  0  0  -1  0   0  0  1  0/0   18 
Chris Gratton            0  0  0   0  0   0  0  0  0/0   5  
Craig Adams              0  0  0  -1  2   0  0  0  0/0   17 
Derick Brassard          0  0  0  -2  0   2  1  0  11/17 16 
Eric Belanger            0  0  0  -1  0   1  0  2  4/8   21 
Eric Staal               0  0  0   0  0   0  0  0  12/15 22 
Erik Cole                0  0  0   0  2   3  3  0  1/1   17 
Jed Ortmeyer             0  0  0  -1  0   0  2  0  0/1   15 
John Oduya               0  0  0   0  0   1  0  1  0/0   20 
Mathieu Schneider        0  0  0  -1  0   1  1  2  0/0   17 
Michael Ryder            0  0  0  -1  0   1  2  0  3/3   18 
Mikhail Grabovski        0  0  0  -1  5   0  0  0  2/4   10 
Pierre-Marc Bouchard     0  0  0   0  0   0  0  0  1/3   12 
Sergei Gonchar           0  0  0  -2  4   1  2  2  0/0   20 
Steven Reinprecht        0  0  0  -2  0   0  0  0  1/3   19 

3 Stars

1 - Mike Green (WSH)
2 - Alexander Ovechkin (WSH)
3 - Alexei Kovalev (WSH)

Power Play

Capitals - 0 on 5 Attempt(s) - 0.00%
Hurricanes - 0 on 5 Attempt(s) - 0.00%

Penalty Kill

Capitals - 5 on 5 Attempt(s) - 100.00% - Score 0 goal in Penalty Kill
Hurricanes - 5 on 5 Attempt(s) - 100.00% - Score 0 goal in Penalty Kill

Game Notes

Alexander Semin beats up Mikhail Grabovski at 13:40 of 3rd period

Play by Play

Period #1

0:01 of 1st period - Derick Brassard wins face-off versus Alexander Ovechkin in neutral zone.
0:06 of 1st period - Shot by Mathieu Schneider.
0:06 of 1st period - Shot Blocked by Kimmo Timonen.
0:26 of 1st period - Shot by Michael Ryder.
0:26 of 1st period - Shot Blocked by Dainius Zubrus.
0:28 of 1st period - Shot by Derick Brassard.
0:28 of 1st period - Shot Misses the Net.
0:32 of 1st period - Shot by Derick Brassard.
0:32 of 1st period - Stopped by Marty Turco with a rebound.
1:38 of 1st period - Eric Belanger is hit by Steve Eminger and loses puck.
1:43 of 1st period - Shot by Jed Ortmeyer.
1:43 of 1st period - Shot Blocked by Alexander Semin.
2:02 of 1st period - Eric Belanger is hit by Willie Mitchell and loses puck.
2:42 of 1st period - Eric Staal is hit by Steve Eminger and loses puck.
3:40 of 1st period - Brent Sopel is hit by Dainius Zubrus.
3:46 of 1st period - Jed Ortmeyer is hit by Alexander Ovechkin and loses puck.
3:56 of 1st period - Alexander Ovechkin is hit by Brent Sopel.
4:18 of 1st period - Minor Penalty to Craig Adams for Tripping.
4:19 of 1st period - Mikhail Grabovski wins face-off versus Alexander Ovechkin in Hurricanes zone.
4:40 of 1st period - Minor Penalty to Aaron Ward for Tripping.
4:41 of 1st period - Eric Staal wins face-off versus Dainius Zubrus in Hurricanes zone.
4:51 of 1st period - Icing by Rene Bourque.
4:52 of 1st period - Eric Staal wins face-off versus Dainius Zubrus in Capitals zone.
5:31 of 1st period - Icing by Kimmo Timonen.
5:32 of 1st period - Radek Bonk wins face-off versus Eric Staal in Capitals zone.
6:59 of 1st period - Shot by Michael Ryder.
6:59 of 1st period - Shot Misses the Net.
7:01 of 1st period - Shot by Mathieu Schneider.
7:01 of 1st period - Shot Blocked by Radek Bonk.
7:03 of 1st period - Shot by Steven Reinprecht.
7:03 of 1st period - Shot Misses the Net.
7:41 of 1st period - Shot by Jed Ortmeyer.
7:41 of 1st period - Shot Misses the Net.
8:43 of 1st period - Icing by Aaron Ward.
8:44 of 1st period - Eric Staal wins face-off versus Dainius Zubrus in Hurricanes zone.
10:21 of 1st period - Jed Ortmeyer is hit by Richard Zednik and loses puck.
11:26 of 1st period - Aaron Ward is hit by Rene Bourque and loses puck.
11:33 of 1st period - Shot by Trent Hunter.
11:33 of 1st period - Stopped by Pascal Leclaire with a rebound.
11:45 of 1st period - Shot by Eric Staal.
11:45 of 1st period - Shot Misses the Net.
11:49 of 1st period - Shot by Pierre-Marc Bouchard.
11:49 of 1st period - Deflect By Erik Cole.
11:49 of 1st period - Shot Misses the Net.
11:51 of 1st period - Shot by Pierre-Marc Bouchard.
11:51 of 1st period - Shot Misses the Net.
12:25 of 1st period - Shot by Ryane Clowe.
12:25 of 1st period - Shot Misses the Net.
12:29 of 1st period - Shot by Mike Green.
12:29 of 1st period - Shot Misses the Net.
12:31 of 1st period - Shot by Richard Zednik.
12:31 of 1st period - Stopped by Pascal Leclaire without a rebound.
12:32 of 1st period - Derick Brassard wins face-off versus Dainius Zubrus in Hurricanes zone.
12:32 of 1st period - Derick Brassard is hit by Alexander Ovechkin.
12:56 of 1st period - Mike Green is hit by Michael Ryder.
14:25 of 1st period - Shot by Matt Cooke.
14:25 of 1st period - Shot Blocked by Eric Belanger.
15:26 of 1st period - Alexei Kovalev is hit by Aaron Ward and loses puck.
15:49 of 1st period - Shot by Pierre-Marc Bouchard.
15:49 of 1st period - Shot Misses the Net.
15:52 of 1st period - Minor Penalty to Doug Murray for Slashing.
15:53 of 1st period - Derick Brassard wins face-off versus Alexei Kovalev in Capitals zone.
18:13 of 1st period - Eric Belanger is hit by Mike Green and loses puck.
18:38 of 1st period - Shot by Alexei Kovalev.
18:38 of 1st period - Shot Misses the Net.
18:51 of 1st period - Icing by John Oduya.
18:52 of 1st period - Erik Cole wins face-off versus Radek Bonk in Hurricanes zone.
19:07 of 1st period - Shot by Rene Bourque.
19:07 of 1st period - Shot Misses the Net.
19:11 of 1st period - Shot by Matt Cooke.
19:11 of 1st period - Goal by Matt Cooke - Capitals : 1 - Hurricanes : 0.
19:12 of 1st period - Eric Belanger wins face-off versus Jeff Halpern in neutral zone.
19:14 of 1st period - Off-side.
19:15 of 1st period - Eric Belanger wins face-off versus Jeff Halpern in neutral zone.
19:43 of 1st period - Shot by Jed Ortmeyer.
19:43 of 1st period - Shot Misses the Net.

Period #2

0:01 of 2nd period - Derick Brassard wins face-off versus Dainius Zubrus in neutral zone.
0:19 of 2nd period - Minor Penalty to Kimmo Timonen for Interference.
0:20 of 2nd period - Derick Brassard wins face-off versus Alexei Kovalev in Capitals zone.
1:04 of 2nd period - Minor Penalty to Rene Bourque for Goalie Interference.
1:05 of 2nd period - Eric Staal wins face-off versus Alexander Ovechkin in Capitals zone.
1:12 of 2nd period - Shot by Mathieu Schneider.
1:12 of 2nd period - Stopped by Marty Turco without a rebound.
1:13 of 2nd period - Derick Brassard wins face-off versus Alexander Semin in Capitals zone.
1:58 of 2nd period - Shot by Erik Cole.
1:58 of 2nd period - Stopped by Marty Turco without a rebound.
1:59 of 2nd period - Eric Staal wins face-off versus Alexander Ovechkin in Capitals zone.
2:29 of 2nd period - Icing by Erik Cole.
2:30 of 2nd period - Eric Staal wins face-off versus Alexei Kovalev in Hurricanes zone.
2:40 of 2nd period - Icing by Erik Cole.
2:41 of 2nd period - Eric Staal wins face-off versus Alexander Ovechkin in Hurricanes zone.
4:01 of 2nd period - Shot by Ryane Clowe.
4:01 of 2nd period - Stopped by Pascal Leclaire with a rebound.
4:05 of 2nd period - Shot by Brooks Laich.
4:05 of 2nd period - Stopped by Pascal Leclaire without a rebound.
4:06 of 2nd period - Derick Brassard wins face-off versus Jeff Halpern in Hurricanes zone.
4:19 of 2nd period - Shot by Jeff Halpern.
4:19 of 2nd period - Stopped by Pascal Leclaire without a rebound.
4:20 of 2nd period - Eric Staal wins face-off versus Dainius Zubrus in Hurricanes zone.
4:39 of 2nd period - Shot by Eric Staal.
4:39 of 2nd period - Deflect By Erik Cole.
4:39 of 2nd period - Shot Blocked by Mike Green.
4:53 of 2nd period - Shot by Alexander Ovechkin.
4:53 of 2nd period - Stopped by Pascal Leclaire with a rebound.
4:55 of 2nd period - Shot by Dainius Zubrus.
4:55 of 2nd period - Shot Misses the Net.
5:14 of 2nd period - Icing by Aaron Ward.
5:15 of 2nd period - Radek Bonk wins face-off versus Eric Staal in Hurricanes zone.
5:18 of 2nd period - Shot by Doug Murray.
5:18 of 2nd period - Shot Misses the Net.
5:51 of 2nd period - Eric Belanger is hit by Doug Murray and loses puck.
6:17 of 2nd period - Shot by Craig Adams.
6:17 of 2nd period - Shot Blocked by Willie Mitchell.
6:19 of 2nd period - Shot by Eric Belanger.
6:19 of 2nd period - Shot Blocked by Steve Eminger.
6:21 of 2nd period - Shot by Jed Ortmeyer.
6:21 of 2nd period - Shot Blocked by Steve Eminger.
6:23 of 2nd period - Shot by Brett Carson.
6:23 of 2nd period - Shot Misses the Net.
6:30 of 2nd period - Icing by Willie Mitchell.
6:31 of 2nd period - Jeff Halpern wins face-off versus Derick Brassard in Capitals zone.
6:33 of 2nd period - Icing by Alexander Semin.
6:34 of 2nd period - Jeff Halpern wins face-off versus Steven Reinprecht in Capitals zone.
6:44 of 2nd period - Steve Eminger is hit by Mathieu Schneider.
6:48 of 2nd period - Shot by Alexander Semin.
6:48 of 2nd period - Stopped by Pascal Leclaire without a rebound.
6:49 of 2nd period - Dainius Zubrus wins face-off versus Derick Brassard in Hurricanes zone.
7:08 of 2nd period - Derick Brassard is hit by Mike Green and loses puck.
7:29 of 2nd period - Shot by Alexei Kovalev.
7:29 of 2nd period - Goal by Alexei Kovalev - Capitals : 2 - Hurricanes : 0.
7:30 of 2nd period - Radek Bonk wins face-off versus Eric Belanger in neutral zone.
7:56 of 2nd period - Icing by Shaone Morrisonn.
7:57 of 2nd period - Radek Bonk wins face-off versus Mikhail Grabovski in Capitals zone.
8:09 of 2nd period - Shot by Rene Bourque.
8:09 of 2nd period - Shot Misses the Net.
8:31 of 2nd period - Shot by Alexander Semin.
8:31 of 2nd period - Shot Misses the Net.
8:33 of 2nd period - Shot by Steve Eminger.
8:33 of 2nd period - Shot Misses the Net.
8:38 of 2nd period - Minor Penalty to Trent Hunter for Slashing.
8:39 of 2nd period - Derick Brassard wins face-off versus Alexander Ovechkin in Capitals zone.
8:53 of 2nd period - Shot by John Oduya.
8:53 of 2nd period - Shot Misses the Net.
8:55 of 2nd period - Shot by Erik Cole.
8:55 of 2nd period - Stopped by Marty Turco with a rebound.
8:57 of 2nd period - Shot by John Oduya.
8:57 of 2nd period - Stopped by Marty Turco without a rebound.
8:58 of 2nd period - Derick Brassard wins face-off versus Alexei Kovalev in Capitals zone.
9:20 of 2nd period - Michael Ryder is hit by Willie Mitchell and loses puck.
10:00 of 2nd period - Icing by Aaron Ward.
10:01 of 2nd period - Alexander Ovechkin wins face-off versus Jed Ortmeyer in Hurricanes zone.
10:06 of 2nd period - Shot by Mike Green.
10:06 of 2nd period - Deflect By Alexander Ovechkin.
10:06 of 2nd period - Shot Misses the Net.
10:40 of 2nd period - Doug Murray is hit by Jed Ortmeyer and loses puck.
10:44 of 2nd period - Shaone Morrisonn is hit by Jed Ortmeyer.
10:49 of 2nd period - Icing by Doug Murray.
10:50 of 2nd period - Radek Bonk wins face-off versus Eric Staal in Capitals zone.
11:03 of 2nd period - Minor Penalty to Sergei Gonchar for Hooking.
11:04 of 2nd period - Eric Belanger wins face-off versus Jeff Halpern in Hurricanes zone.
11:16 of 2nd period - Trent Hunter is hit by Aaron Ward and loses puck.
11:55 of 2nd period - Shot by Mike Green.
11:55 of 2nd period - Shot Blocked by Brett Carson.
12:25 of 2nd period - Shot by Mike Green.
12:25 of 2nd period - Shot Blocked by Mathieu Schneider.
12:41 of 2nd period - Shot by Steve Eminger.
12:41 of 2nd period - Shot Misses the Net.
12:43 of 2nd period - Shot by Steve Eminger.
12:43 of 2nd period - Shot Misses the Net.
12:45 of 2nd period - Shot by Willie Mitchell.
12:45 of 2nd period - Stopped by Pascal Leclaire with a rebound.
12:47 of 2nd period - Shot by Willie Mitchell.
12:47 of 2nd period - Shot Blocked by Eric Belanger.
16:40 of 2nd period - Icing by Mike Green.
16:41 of 2nd period - Dainius Zubrus wins face-off versus Mikhail Grabovski in Capitals zone.
17:14 of 2nd period - Mike Green is hit by Sergei Gonchar and loses puck.
17:50 of 2nd period - Eric Staal is hit by Ryane Clowe and loses puck.
18:13 of 2nd period - Shot by Alexander Semin.
18:13 of 2nd period - Shot Blocked by Brent Sopel.
18:15 of 2nd period - Shot by Willie Mitchell.
18:15 of 2nd period - Stopped by Pascal Leclaire with a rebound.
18:19 of 2nd period - Shot by Trent Hunter.
18:19 of 2nd period - Stopped by Pascal Leclaire without a rebound.
18:20 of 2nd period - Michael Ryder wins face-off versus Radek Bonk in Hurricanes zone.

Period #3

0:01 of 3rd period - Dainius Zubrus wins face-off versus Derick Brassard in neutral zone.
0:20 of 3rd period - Alexei Kovalev is hit by Sergei Gonchar and loses puck.
0:32 of 3rd period - Minor Penalty to Sergei Gonchar for Hooking.
0:33 of 3rd period - Jeff Halpern wins face-off versus Eric Belanger in Hurricanes zone.
1:41 of 3rd period - Shot by Mike Green.
1:41 of 3rd period - Shot Misses the Net.
2:25 of 3rd period - Shot by Steve Eminger.
2:25 of 3rd period - Shot Misses the Net.
2:29 of 3rd period - Shot by Alexander Semin.
2:29 of 3rd period - Shot Misses the Net.
2:33 of 3rd period - Shot by Rene Bourque.
2:33 of 3rd period - Shot Blocked by Mathieu Schneider.
2:51 of 3rd period - Shot by Rene Bourque.
2:51 of 3rd period - Shot Blocked by Sergei Gonchar.
2:55 of 3rd period - Shot by Rene Bourque.
2:55 of 3rd period - Shot Misses the Net.
2:57 of 3rd period - Shot by Rene Bourque.
2:57 of 3rd period - Shot Misses the Net.
3:02 of 3rd period - Icing by Sergei Gonchar.
3:03 of 3rd period - Ryane Clowe wins face-off versus Derick Brassard in Hurricanes zone.
4:26 of 3rd period - Icing by Eric Belanger.
4:27 of 3rd period - Jeff Halpern wins face-off versus Eric Belanger in Hurricanes zone.
5:15 of 3rd period - Shot by Eric Staal.
5:15 of 3rd period - Shot Misses the Net.
5:18 of 3rd period - Icing by Mike Green.
5:19 of 3rd period - Derick Brassard wins face-off versus Dainius Zubrus in Capitals zone.
5:32 of 3rd period - Icing by Mathieu Schneider.
5:33 of 3rd period - Matt Cooke wins face-off versus Derick Brassard in Hurricanes zone.
6:35 of 3rd period - Shot by Alexander Ovechkin.
6:35 of 3rd period - Goal by Alexander Ovechkin - Capitals : 3 - Hurricanes : 0.
6:36 of 3rd period - Eric Staal wins face-off versus Jeff Halpern in neutral zone.
6:55 of 3rd period - Shot by Willie Mitchell.
6:55 of 3rd period - Stopped by Pascal Leclaire with a rebound.
7:01 of 3rd period - Shot by Trent Hunter.
7:01 of 3rd period - Stopped by Pascal Leclaire without a rebound.
7:02 of 3rd period - Eric Belanger wins face-off versus Ryane Clowe in Hurricanes zone.
7:02 of 3rd period - Eric Belanger is hit by Richard Zednik.
8:31 of 3rd period - Mikhail Grabovski is hit by Shaone Morrisonn and loses puck.
8:34 of 3rd period - Shot by Andy Greene.
8:34 of 3rd period - Stopped by Marty Turco without a rebound.
8:35 of 3rd period - Jeff Halpern wins face-off versus Steven Reinprecht in Capitals zone.
9:34 of 3rd period - Shot by Eric Belanger.
9:34 of 3rd period - Shot Blocked by Steve Eminger.
9:36 of 3rd period - Shot by Eric Belanger.
9:36 of 3rd period - Stopped by Marty Turco without a rebound.
9:37 of 3rd period - Pierre-Marc Bouchard wins face-off versus Dainius Zubrus in Capitals zone.
9:46 of 3rd period - Icing by Mike Green.
9:47 of 3rd period - Mikhail Grabovski wins face-off versus Dainius Zubrus in Capitals zone.
11:51 of 3rd period - Trent Hunter is hit by Erik Cole.
12:44 of 3rd period - Michael Ryder is hit by Willie Mitchell and loses puck.
12:49 of 3rd period - Shot by Derick Brassard.
12:49 of 3rd period - Stopped by Marty Turco with a rebound.
13:01 of 3rd period - Jed Ortmeyer is hit by Trent Hunter and loses puck.
13:40 of 3rd period - Alexander Semin beats up Mikhail Grabovski.
13:40 of 3rd period - Penalty to Mikhail Grabovski for Fighting.
13:40 of 3rd period - Penalty to Alexander Semin for Fighting.
13:41 of 3rd period - Derick Brassard wins face-off versus Matt Cooke in Capitals zone.
13:48 of 3rd period - Shot by Radek Bonk.
13:48 of 3rd period - Stopped by Pascal Leclaire without a rebound.
13:49 of 3rd period - Dainius Zubrus wins face-off versus Pierre-Marc Bouchard in Hurricanes zone.
13:58 of 3rd period - Shot by Alexander Ovechkin.
13:58 of 3rd period - Deflect By Alexei Kovalev.
13:58 of 3rd period - Stopped by Pascal Leclaire without a rebound.
13:59 of 3rd period - Steven Reinprecht wins face-off versus Radek Bonk in Hurricanes zone.
13:59 of 3rd period - Steven Reinprecht is hit by Matt Cooke.
14:22 of 3rd period - Michael Ryder is hit by Doug Murray and loses puck.
14:30 of 3rd period - Icing by Rene Bourque.
14:31 of 3rd period - Eric Staal wins face-off versus Radek Bonk in Capitals zone.
14:31 of 3rd period - Pierre-Marc Bouchard is hit by Doug Murray.
14:41 of 3rd period - Shot by Erik Cole.
14:41 of 3rd period - Stopped by Marty Turco without a rebound.
14:42 of 3rd period - Dainius Zubrus wins face-off versus Eric Belanger in Capitals zone.
15:44 of 3rd period - Icing by Doug Murray.
15:45 of 3rd period - Radek Bonk wins face-off versus Pierre-Marc Bouchard in Capitals zone.
15:45 of 3rd period - Radek Bonk is hit by Erik Cole.
15:50 of 3rd period - Matt Cooke is hit by Erik Cole and loses puck.
16:06 of 3rd period - Icing by John Oduya.
16:07 of 3rd period - Eric Staal wins face-off versus Ryane Clowe in Hurricanes zone.
16:19 of 3rd period - Minor Penalty to Erik Cole for High sticking.
16:20 of 3rd period - Michael Ryder wins face-off versus Jeff Halpern in Hurricanes zone.
16:33 of 3rd period - Shot by Alexander Ovechkin.
16:33 of 3rd period - Shot Blocked by John Oduya.
16:37 of 3rd period - Shot by Jeff Halpern.
16:37 of 3rd period - Stopped by Pascal Leclaire without a rebound.
16:38 of 3rd period - Michael Ryder wins face-off versus Dainius Zubrus in Hurricanes zone.
18:19 of 3rd period - Shot by Alexei Kovalev.
18:19 of 3rd period - Shot Blocked by Sergei Gonchar.
18:20 of 3rd period - Minor Penalty to Matt Cooke for High sticking.
18:21 of 3rd period - Radek Bonk wins face-off versus Derick Brassard in Capitals zone.
18:21 of 3rd period - Radek Bonk is hit by Derick Brassard.
18:28 of 3rd period - Rene Bourque is hit by Michael Ryder.
19:28 of 3rd period - Shot by Mathieu Schneider.
19:28 of 3rd period - Shot Misses the Net.
19:32 of 3rd period - Shot by Michael Ryder.
19:32 of 3rd period - Stopped by Marty Turco with a rebound.
19:34 of 3rd period - Shot by Mathieu Schneider.
19:34 of 3rd period - Shot Misses the Net.
19:40 of 3rd period - Shot by Sergei Gonchar.
19:40 of 3rd period - Stopped by Marty Turco without a rebound.
19:41 of 3rd period - Eric Staal wins face-off versus Alexander Ovechkin in Capitals zone.


Output by the SimonT Hockey Simulator (STHS) for Stephane Roy -- Original Page W3C XHTML 1.0 Valid